 Dungeon Crawl Stone Soup version 0.29.1-12-g30fa7ad0bf (webtiles) character file.

Game seed: 15647833541631426104

66 Sanktem7 the Trooper (level 3, -1/34 HPs)
             Began as a Minotaur Fighter on Dec 15, 2022.
             Slain by an orc wizard
             ... wielding a +2 dagger of electrocution
              (3 damage)
             ... on level 3 of the Dungeon.
             The game lasted 00:02:51 (2177 turns).

Sanktem7 the Trooper (Minotaur Fighter)             Turns: 2177, Time: 00:02:52

Health: -1/34      AC:  7    Str: 22    XL:     3   Next: 96%
Magic:  2/2        EV:  9    Int:  5    God:
Gold:   136        SH:  4    Dex:  9    Spells: 2/2 levels left

rFire   . . .      SeeInvis .   a - +0 war axe {axe}
rCold   . . .      Faith    .   c - +0 buckler
rNeg    . . .      Spirit   .   b - +0 scale mail
rPois   .          Reflect  .   (helmet restricted)
rElec   .          Harm     .   (no cloak)
rCorr   .          Rampage  .   (no gloves)
Will    .....                   (no boots)
Stlth   ..........              (no amulet)
HPRegen 0.11/turn               (no ring)
MPRegen 0.08/turn               (no ring)

@: no status effects
A: horns 2, retaliatory headbutt
a: no special abilities


You were on level 3 of the Dungeon.
You visited 1 branch of the dungeon, and saw 3 of its levels.

You collected 136 gold pieces.


Innate Abilities, Weirdness & Mutations

You have a pair of horns on your head.
You reflexively headbutt those who attack you in melee.


   Skills:
 * Level 4.6 Fighting
 * Level 3.8 Axes
 + Level 4.2 Armour
 - Level 3.6 Shields


You had 2 spell levels left.
You didn't know any spells.
Your spell library contained the following spells:

 Spells                   Type           Power      Damage    Failure   Level
 Hailstorm                Conj/Ice       0%         3d3       100%        4
 Ice Form                 Ice/Tmut       0%         N/A       100%        4
 Summon Forest            Summ/Tloc      0%         N/A       100%        5
 Eringya's Noxious Bog    Tmut/Pois      0%         N/A       100%        6
 Simulacrum               Ice/Necr       0%         N/A       100%        6
 Summon Hydra             Summ           0%         N/A       100%        7

Inventory:

Hand Weapons
 a - a +0 war axe (weapon) {axe}
Missiles
 l - 5 boomerangs (quivered) {throwing}
 m - 31 stones {throwing}
Armour
 b - a +0 scale mail (worn)
 c - a +0 buckler (worn)
Scrolls
 h - 2 scrolls of enchant armour {unknown}
 i - a scroll of silence {unknown}
 j - 2 scrolls of identify {@r1}
 k - 2 scrolls of fear
 o - 2 scrolls of enchant weapon {unknown}
 p - a scroll of teleportation {unknown}
Potions
 d - 2 potions of might
 e - a potion of invisibility {unknown}
 f - 3 potions of curing {@q1}
 g - 2 potions of attraction {!q}
 n - a potion of cancellation {unknown}
 q - a potion of lignification {unknown}
 r - a potion of brilliance {unknown}

Dungeon Overview and Level Annotations

Branches:
Dungeon (3/15) Zot: 15778

Altars:

.#####..........#
..#.......#######.
#.......##._$## .#
#..###.##.8.8.# #.#
#..##..##....$#
##.###..##.## .8.8$#
#.......##.####...#
###..##.........##'#
.....##.#.......@{o#
#....##.####.##.####
....###.####.#...####
...........^........+
....###.####.#...####
#.......# #.##.##
#..###### #.#### ...#
#.##


You could see an orc.


Message History

No target in view!
No target in view!
No target in view!
No target in view!
No target in view!
No target in view!
No target in view!
No target in view!
No target in view!
No target in view!
No target in view!
You see here a +0 dagger {short}.
You open the door.
There is an open door here.
A hobgoblin comes into view.
The hobgoblin shouts!
You block the hobgoblin's attack.
You barely miss the hobgoblin. You block the hobgoblin's attack.
You closely miss the hobgoblin. You headbutt the hobgoblin.
The hobgoblin barely misses you.
You hit the hobgoblin. The hobgoblin barely misses you.
The hobgoblin closely misses you.
You barely miss the hobgoblin. Your headbutt misses the hobgoblin.
The hobgoblin hits you but does no damage.
You slash the hobgoblin!
You kill the hobgoblin!
No target in view!
No target in view!
No target in view!
No target in view!
No target in view!
No target in view!
No target in view!
No target in view!
You see here a hobgoblin corpse.
j - 2 scrolls of identify {@r1} You see here a hobgoblin corpse.
m - 22 stones {throwing} (gained 4)
h - 2 scrolls labelled QYUL JACESUWK (gained 1)
You open the door.
There is an open door here.
As you open the door, it creaks loudly!
Found a stone staircase leading up.
No target in view!
No target in view!
No target in view!
No target in view!
No target in view!
There is an open door here.
There is a stone staircase leading up here.
r - a bubbling amethyst potion No target in view!
No target in view!
No target in view!
m - 31 stones {throwing} (gained 9)
o - 2 scrolls labelled VUOFEH JUITUCO (gained 1)
You open the door.
An orc priest, an orc and an orc wizard come into view.
The orc wizard is wielding a +2 dagger of electrocution.
The orc priest shouts!
The orc shouts!
The orc wizard shouts!
Found 32 gold pieces.
Found a roughly hewn altar of Beogh.
You slash the orc wizard!
The orc wizard hits you but does no damage.
You hit the orc wizard but do no damage.
The orc wizard casts a spell.
The orc wizard flickers and vanishes!
Deactivating autopickup; reactivate with Ctrl-A.
You hit something.
You hear some strange, mumbled words.
A magic dart appears from out of thin air!
The magic dart hits you. 😕 HP[-4]
You take 4 damage, and now have 30/34 hp.
You hit the orc but do no damage. You closely miss something.
The orc priest invokes the aid of Beogh against you.
Beogh smites you! Something hits you but does no damage.
The orc hits you but does no damage. 😮 HP[-8]
You take 8 damage, and now have 22/34 hp.
MASSIVE DAMAGE!! (PAUSE)
You closely miss something. Your headbutt misses something.
You hear some strange, mumbled words.
A magic dart appears from out of thin air!
The magic dart hits you.
The orc priest looks braver for a moment. 😮 HP[-1]
You take 1 damage, and now have 21/34 hp.
You completely miss something. Something hits you but does no damage.
You are electrocuted!!
Ouch! That really hurt!
* * * LOW HITPOINT WARNING * * *
You block something's attack. 😱 HP[-20]
You take 20 damage, and now have 1/34 hp.
MASSIVE DAMAGE!! (PAUSE)
You miss something. Your headbutt misses something.
Something hits you but does no damage.
The orc priest looks satisfied for a moment.
You closely miss something. Your headbutt misses something. Something hits you.
You die...

Skill      XL: |  1  2 |
---------------+-------+-----
Fighting       | 4 |  4.6
Axes           | 3 |  3.8
Armour         | 4 |  4.2
Shields        | |  3.6

Action                   || total
-------------------------++-------
Melee: War axe           ||   116
       Headbutt          ||    13
  Use: Scroll            ||     3
Armor: Scale mail        ||    67
Dodge: Dodged            ||    62
Block: Buckler           ||    30

Levels and vault maps discovered:
D:1:      tarquinn_simple_flora_water_e, layout_basic, minmay_misc_feat_five
D:2:      kennysheep_six_static_rooms, layout_loops_ring,
          nicolae_concentric_dashed_squares_mild, minmay_close_crescents
D:3:      layout_loops_corners, minitemple, shapermc_ecumenical_altar_ellora,
          kennysheep_orc_chapel

Notes
Turn   | Place    | Note
-------+----------+-------------------------------------------
     0 | D:1      | Sanktem7 the Minotaur Fighter began the quest for the Orb.
     0 | D:1      | Reached XP level 1. HP: 19/19 MP: 0/0
     0 | D:1      | magus.rc [v1.9.6]
    90 | D:1      | Reached XP level 2. HP: 27/27 MP: 1/1
   192 | D:1      | Reached skill level 4 in Fighting
   284 | D:1      | Reached skill level 3 in Axes
   472 | D:1      | You pick up a book of the Tundra and begin reading...
   472 | D:1      | You add the spells Hailstorm, Ice Form and Simulacrum to
                  | your library.
  1089 | D:2      | Reached skill level 4 in Armour
  1093 | D:2      | You add the spells Summon Forest, Eringya's Noxious Bog and
                  | Summon Hydra to your library.
  1099 | D:2      | Reached XP level 3. HP: 30/33 MP: 2/2
  2175 | D:3      | HP: 1/34 [something (20)]
  2177 | D:3      | Slain by an orc wizard

Vanquished Creatures
  An adder (D:2)
  6 bats
  6 endoplasms
  2 giant cockroaches (D:2)
  3 goblins
  7 hobgoblins
  A jackal (D:2)
  4 kobolds
  2 quokkas
  7 ball pythons
  5 frilled lizards
  6 rats
50 creatures vanquished.

Table legend:
 A = Non-vault XP
 B = Vault XP
 C = Vault XP percentage of total XP
 D = Non-vault monster count
 E = Vault monster count
 F = Vault count percentage of total count
                 A         B        C        D         E       F
            +---------+---------+-------+---------+---------+-------
      Total |      66 |      29 |  30.5 |      40 |      10 |  20.0
            +---------+---------+-------+---------+---------+-------
        D:1 |      33 |       0 |   0.0 |      20 |       0 |   0.0
        D:2 |      29 |      29 |  50.0 |      18 |      10 |  35.7
        D:3 |       4 |       0 |   0.0 |       2 |       0 |   0.0
            +---------+---------+-------+---------+---------+-------

Illustrated notes

Table legend:
 A = Kills in this place as a percentage of kills in entire the game.
 B = Kills by you in this place as a percentage of kills by you in the entire game.
 C = Kills by friends in this place as a percentage of kills by friends in the entire game.
 D = Other kills in this place as a percentage of other kills in the entire game.
 E = Experience gained in this place as a percentage of experience gained in the entire game.
 F = Experience gained in this place divided by the number of levels of this place that you have seen.
                   A       B       C       D       E      F
               +-------+-------+-------+-------+-------+----------------------
         Total | 100.0 | 100.0 |   N/A |   N/A | 100.0 |  31.7
       Dungeon | 100.0 | 100.0 |   N/A |   N/A | 100.0 |  31.7
               +-------+-------+-------+-------+-------+----------------------

Table legend: (Time is in decaauts)
 A = Elapsed time spent in this place.
 B = Non-inter-level travel time spent in this place.
 C = Inter-level travel time spent in this place.
 D = Time resting spent in this place.
 E = Time spent auto-exploring this place.
 F = Levels seen in this place.
 G = Mean time per level.
                   A        B        C        D        E       F      G
               +--------+--------+--------+--------+--------+-----+--------+
         Total |   2220 |   2170 |     50 |      0 |   1852 |   3 |  740.0 |
       Dungeon |   2220 |   2170 |     50 |      0 |   1852 |   3 |  740.0 |
               +--------+--------+--------+--------+--------+-----+--------+

Top non-repeatable levels by time:
     D:1: 1035 daAuts
     D:2: 978 daAuts
     D:3: 206 daAuts
